 Dungeon Crawl Stone Soup version 0.30-a0-54-g2e61a25929 (webtiles) character file.

Game seed: 7184899756711217128

17854 Newt the Slicer (level 12, -1/97 HPs)
             Began as a Demonspawn Gladiator on Sept 8, 2022.
             Was an Elder of Dithmenos.
             Slain by a six-headed hydra (3 damage)
             ... on level 12 of the Dungeon.
             The game lasted 00:21:06 (11638 turns).

Newt the Slicer (Demonspawn Gladiator)             Turns: 11638, Time: 00:21:07

Health: -1/97      AC: 10    Str: 17    XL:     12   Next: 22%
Magic:  0/21       EV: 15    Int: 11    God:    Dithmenos [****..]
Gold:   936        SH:  0    Dex: 16    Spells: 11/11 levels left

rFire   . . .      SeeInvis .    h - +4 dagger (drain)
rCold   . . .      Faith    .    (no shield)
rNeg    . . .      Spirit   +    Z - +2 troll leather armour
rPois   +          Reflect  .    f - +2 hood of the Assassin {Detection Stab+ Stlth++}
rElec   .          Harm     .    (no cloak)
rCorr   .          Rampage  .    t - +0 pair of gloves
Will    .....                    C - +0 pair of boots
Stlth   +++++++++.               p - amulet of regeneration
HPRegen 1.86/turn                A - ring "Puomydd" {rPois MP+9}
MPRegen 0.34/turn                Y - +4 ring of slaying

@: wreathed by umbra
A: ignite blood 2, magic shield, magic regeneration, demonic touch 2
a: Renounce Religion, Shadow Step


You were on level 12 of the Dungeon.
You worshipped Dithmenos.
Dithmenos was greatly pleased with you.
You visited 2 branches of the dungeon, and saw 14 of its levels.

You collected 966 gold pieces.
You spent 30 gold pieces at shops.

Inventory:

Hand Weapons
 h - a +4 dagger of draining (weapon)
 G - a +2 dagger of electrocution
Missiles
 d - 3 throwing nets
 e - 3 javelins
 O - 7 boomerangs (quivered)
 P - 23 poisoned darts
Armour
 f - the +2 hood of the Assassin (worn) {Detection Stab+ Stlth++}
   (You acquired it on level 2 of the Dungeon)

   It allows the wearer to sense nearby creatures.
   It allows the wearer to make particularly effective stabbing attacks against
   helpless or unaware enemies with any weapon.
   Stlth:     It makes you much more stealthy.
 t - a +0 pair of gloves (worn)
 C - a +0 pair of boots (worn)
 Z - a +2 troll leather armour (worn)
Jewellery
 p - an amulet of regeneration (around neck)
 A - the ring "Puomydd" (left hand) {rPois MP+9}
   (You found it on level 4 of the Dungeon)

   [ring of magical power]

   rPois:     It protects you from poison.
   MP:        It affects your magic capacity (+9).
 K - a +6 ring of intelligence
 S - an amulet of magic regeneration
 T - a ring of positive energy
 Y - a +4 ring of slaying (right hand)
Wands
 c - a wand of paralysis (3)
 y - a wand of light (15)
 B - a wand of digging (3)
 E - a wand of polymorph (3)
 R - a wand of mindburst (13)
 U - a wand of iceblast (3)
Scrolls
 g - 13 scrolls of teleportation
 l - a scroll of enchant armour
 n - a scroll of fear
 o - 2 scrolls of brand weapon
 r - 2 scrolls of enchant weapon
 s - 2 scrolls of magic mapping {unknown}
 u - a scroll of poison
 v - a scroll of amnesia
 x - 2 scrolls of fog
 D - 3 scrolls of blinking
Potions
 a - a potion of brilliance {unknown}
 b - a potion of haste {unknown}
 i - a potion of lignification
 j - 9 potions of curing
 k - 3 potions of heal wounds
 m - 2 potions of might
 w - 2 potions of ambrosia
 I - a potion of degeneration
 J - a potion of mutation
 N - 4 potions of flight
 W - a potion of invisibility


   Skills:
 - Level 10.0 Fighting
 - Level 10.0 Short Blades
 - Level 6.0 Throwing
 + Level 7.1 Dodging
 - Level 10.0 Stealth
 - Level 5.0 Evocations


You had 11 spell levels left.
You didn't know any spells.
Your spell library contained the following spells:

 Spells                   Type           Power      Damage    Failure   Level
 Freeze                   Ice            0%         1d3       41%         1
 Magic Dart               Conj           0%         1d3       41%         1
 Necrotise                Necr           0%         1d4       41%         1
 Blink                    Tloc           0%         N/A       54%         2
 Call Imp                 Summ           0%         N/A       54%         2
 Call Canine Familiar     Summ           0%         N/A       78%         3
 Conjure Flame            Conj/Fire      0%         6-21      78%         3
 Frozen Ramparts          Ice            0%         1d1       78%         3
 Ignite Poison            Fire/Tmut/Pois 0%         N/A       78%         3
 Lesser Beckoning         Tloc           0%         N/A       78%         3
 Mephitic Cloud           Conj/Pois/Air  0%         N/A       78%         3
 Portal Projectile        Hex/Tloc       0%         N/A       78%         3
 Vampiric Draining        Necr           0%         2d6       78%         3
 Corpse Rot               Necr/Pois/Air  0%         N/A       99%         4
 Dispel Undead            Necr           0%         3d6       99%         4
 Hailstorm                Conj/Ice       0%         3d3       99%         4
 Leda's Liquefaction      Hex/Erth       0%         N/A       99%         4
 Sticky Flame             Conj/Fire      0%         2d3       99%         4
 Agony                    Necr           0%         N/A       100%        5
 Lee's Rapid Deconstruct  Erth           0%         3d5*      100%        5
 Manifold Assault         Tloc           0%         N/A       100%        5
 Death Channel            Necr           0%         N/A       100%        6
 Statue Form              Tmut/Erth      0%         N/A       100%        6


Dungeon Overview and Level Annotations

Branches:
Dungeon (13/15)            Temple (1/1) D:4            Lair (0/5) D:8
    Orc (0/2) D:9
 Vaults: D:13-14

Altars:
Ashenzari
Cheibriados
Dithmenos
Fedhas
Gozag
Hepliaklqana
Kikubaaqudgha
Makhleb
Nemelex Xobeh
Okawaru
Qazlal
Ru
Sif Muna
Trog
Uskayaw
Vehumet
Wu Jian
Xom
Yredelemnul

Shops:
D:6 =[?[


Innate Abilities, Weirdness & Mutations

Your demonic aura often causes spilled blood to erupt in flames.
When hurt, damage is shared between your health and your magic reserves.
You regenerate magic rapidly.
Your touch may inflict irresistible damage on your foes.


Message History

The six-headed hydra barely misses you.
You hit the six-headed hydra but do no damage.
The six-headed hydra is moderately wounded.
Your shadow hits the six-headed hydra with a dagger.
Unknown command.
You puncture the six-headed hydra!
The six-headed hydra is heavily wounded.
The six-headed hydra bites you! The six-headed hydra misses you.
The six-headed hydra bites you but does no damage. x2
The six-headed hydra bites you. x2
* * * LOW HITPOINT WARNING * * *
Unknown command.
You barely miss the six-headed hydra.
You touch the six-headed hydra!
The six-headed hydra is heavily wounded.
Unknown command.
You puncture the six-headed hydra!
You touch the six-headed hydra!
The six-headed hydra is severely wounded.
Your shadow hits the six-headed hydra with a dagger.
The six-headed hydra bites you but does no damage.
The six-headed hydra bites you!
* * * LOW HITPOINT WARNING * * *
The six-headed hydra bites you.
* * * LOW HITPOINT WARNING * * *
The six-headed hydra closely misses you.
The six-headed hydra bites you!
* * * LOW HITPOINT WARNING * * *
The six-headed hydra barely misses you.
Unknown command.
Unknown command.
Aiming: Paralyse
Press: ? - help, Q - select action, (/) - cycle Shift-Dir - straight line, f - six-headed hydra
Aim: a six-headed hydra (flame, severely wounded, lightly drained, umbra, chance to affect: 31%)
The six-headed hydra easily resists.
The six-headed hydra is engulfed in blazing flames.
The six-headed hydra completely misses you.
The six-headed hydra closely misses you.
The six-headed hydra misses you. The six-headed hydra bites you!
* * * LOW HITPOINT WARNING * * *
The six-headed hydra bites you.
You die...

##........#.#....#.#.#.# #.#####.
........###.#......#.#.# #.# #.
.........##.########.#.# #.# #.
.......#.##.# #.#.# #.#####.
...>...#.##.# #.#.###.#.....
.......'....# ###.......#.####
.......###.### #...#######.#.##
######## #...#####.### #....#
############....@D○# ###.##
...........#####☼#############'##
...........# #.##.............#
..........?# #.##.............#
.......~~..# #.##.............#
.).~...~≈..# #.#############'##
.~~~~..~~..# #.# #.#
.~~≈~.~≈~..#####.##### #.#
~~≈~~.†..............# #.#


You could see a six-headed hydra (drained).

Vanquished Creatures
  3 hydras
  3 two-headed ogres
  5 skeletal warriors (D:11)
  An ugly thing (D:11)
  A cyclops (D:13)
  A manticore (D:12)
  A gargoyle (D:11)
  2 kobold demonologists (D:11)
  2 komodo dragons
  3 trolls
  4 red devils (D:12)
  Sigmund (D:2)
  14 yaks
  A wyvern (D:8)
  3 steam dragons (D:8)
  3 water moccasins (D:8)
  A warg (D:9)
  An acid dragon (D:9)
  8 orc warriors
  4 black bears (D:8)
  2 ice beasts
  A sky beast (D:8)
  2 ogres
  A tengu (D:9)
  A phantom (D:4)
  2 centaurs
  4 kobold brigands
  5 bullfrogs
  2 scorpions
  2 necrophages
  4 wights (D:8)
  11 killer bees (D:9)
  3 electric eels
  4 jellies
  A gnoll bouda (D:4)
  7 orc priests
  4 iguanas
  8 orc wizards
  Robin (D:4)
  9 adders
  10 gnolls
  A shadow imp (D:4)
  A white imp (D:6)
  5 worms
  A dart slug (D:2)
  40 orcs
  7 ball pythons
  5 endoplasms
  6 giant cockroaches
  11 hobgoblins
  6 quokkas
  4 bats
  5 frilled lizards
  12 goblins
  12 kobolds
  4 rats
266 creatures vanquished.

Vanquished Creatures (others)
  An orc wizard (D:11)
  22 fungi (D:8)
  20 plants (D:8)
43 creatures vanquished.

Grand Total: 309 creatures vanquished

Notes
Turn   | Place    | Note
-------+----------+-------------------------------------------
     0 | D:1      | Newt the Demonspawn Gladiator began the quest for the Orb.
     0 | D:1      | Reached XP level 1. HP: 16/16 MP: 1/1
    52 | D:1      | Found a faded altar of an unknown god.
   454 | D:1      | Reached skill level 1 in Stealth
   587 | D:1      | Gained mutation: Your touch may inflict minor irresistible
                  | damage on your foes. [demonic ancestry]
   587 | D:1      | Reached XP level 2. HP: 19/22 MP: 2/2
  1464 | D:3      | Gained mutation: Your touch may inflict irresistible damage
                  | on your foes. [demonic ancestry]
  1464 | D:3      | Reached XP level 3. HP: 28/28 MP: 3/3
  1627 | D:2      | Identified a scroll of acquirement
  1627 | D:2      | Acquired the +2 hood of the Assassin {Detection Stab+
                  | Stlth++}
  1627 | D:2      | Found the +2 hood of the Assassin {Detection Stab+ Stlth++}
  1714 | D:2      | Noticed Sigmund
  1725 | D:2      | Killed Sigmund
  1726 | D:2      | Reached XP level 4. HP: 28/37 MP: 4/4
  1726 | D:2      | Gained mutation: Your demonic aura sometimes causes spilled
                  | blood to erupt in flames. [demonic ancestry]
  1726 | D:2      | Reached XP level 5. HP: 32/42 MP: 5/5
  2599 | D:3      | Gained mutation: You regenerate magic rapidly. [demonic
                  | ancestry]
  2599 | D:3      | Reached XP level 6. HP: 48/48 MP: 6/6
  2660 | D:3      | Reached skill level 5 in Short Blades
  3488 | D:4      | Noticed Robin
  3537 | D:4      | Killed Robin
  3598 | D:4      | Identified the ring "Puomydd" {rPois MP+9}
  3696 | D:4      | Found a staircase to the Ecumenical Temple.
  3712 | Temple   | Entered the Ecumenical Temple
  4010 | Temple   | Became a worshipper of Dithmenos the Shadowed
  4222 | D:4      | Gained mutation: Your demonic aura often causes spilled
                  | blood to erupt in flames. [demonic ancestry]
  4222 | D:4      | Reached XP level 7. HP: 54/54 MP: 7/7
  4407 | D:4      | Found an ornate altar of the Wu Jian Council.
  4927 | D:5      | Entered Level 5 of the Dungeon
  4933 | D:5      | Reached * piety under Dithmenos
  5010 | D:5      | Reached skill level 5 in Stealth
  5774 | D:6      | Gained mutation: When hurt, damage is shared between your
                  | health and your magic reserves. [demonic ancestry]
  5774 | D:6      | Reached XP level 8. HP: 60/60 MP: 8/8
  6013 | D:6      | Reached ** piety under Dithmenos
  6244 | D:6      | Found Beasipp's Jewellery Shop.
  6245 | D:6      | Found Nolege's Magic Scroll Shop.
  6245 | D:6      | Found Duthyc's Antique Armour Shop.
  6252 | D:6      | Found Ullyregior's Armour Shop.
  6260 | D:6      | Bought a scroll of identify for 30 gold pieces
  6483 | D:7      | Reached skill level 5 in Dodging
  6584 | D:7      | Found an opulent altar of Gozag.
  6590 | D:7      | Reached skill level 5 in Fighting
  6742 | D:7      | Reached XP level 9. HP: 69/69 MP: 9/9
  7098 | D:8      | Reached skill level 1 in Evocations
  7275 | D:8      | Found a staircase to the Lair.
  7277 | D:8      | Noticed a komodo dragon
  7312 | D:8      | Reached skill level 5 in Evocations
  7327 | D:8      | Killed a komodo dragon
  7622 | D:8      | Reached XP level 10. HP: 74/75 MP: 10/10
  7971 | D:9      | Reached *** piety under Dithmenos
  8005 | D:9      | Found a staircase to the Orcish Mines.
  8697 | D:10     | Entered Level 10 of the Dungeon
  8735 | D:10     | Reached skill level 10 in Short Blades
  9046 | D:10     | Noticed a two-headed ogre
  9055 | D:10     | Killed a two-headed ogre
  9056 | D:10     | Reached skill level 5 in Throwing
  9252 | D:10     | Reached XP level 11. HP: 81/81 MP: 11/11
  9543 | D:10     | Found a hide-covered altar of Uskayaw.
  9546 | D:10     | Found a shimmering blue altar of Sif Muna.
  9552 | D:10     | Found a sparkling altar of Nemelex Xobeh.
  9741 | D:11     | Noticed a two-headed ogre
  9745 | D:11     | Killed a two-headed ogre
  9947 | D:11     | Noticed an eight-headed hydra
  9958 | D:11     | Killed an eight-headed hydra
 10029 | D:11     | Noticed a green ugly thing
 10047 | D:11     | Killed a green ugly thing
 10051 | D:11     | Reached **** piety under Dithmenos
 10084 | D:11     | Noticed a skeletal warrior
 10087 | D:11     | Noticed a skeletal warrior
 10087 | D:11     | Noticed a skeletal warrior
 10111 | D:11     | Killed a skeletal warrior
 10199 | D:11     | Killed a skeletal warrior
 10200 | D:11     | Reached skill level 10 in Stealth
 10245 | D:11     | Noticed a skeletal warrior
 10249 | D:11     | Noticed a skeletal warrior
 10251 | D:11     | Killed a skeletal warrior
 10255 | D:11     | Killed a skeletal warrior
 10270 | D:11     | Killed a skeletal warrior
 10313 | D:11     | Noticed a two-headed ogre
 10315 | D:11     | Killed a two-headed ogre
 10459 | D:11     | Noticed a five-headed hydra
 10461 | D:11     | Killed a five-headed hydra
 10767 | D:12     | Noticed a sun demon
 10816 | D:12     | Noticed an eight-headed hydra
 10831 | D:12     | Killed an eight-headed hydra
 10832 | D:12     | Reached XP level 12. HP: 53/97 MP: 12/12
 11176 | D:12     | Reached skill level 10 in Fighting
 11620 | D:13     | Noticed a six-headed hydra
 11624 | D:13     | Noticed a two-headed ogre
 11638 | D:12     | HP: 2/97 [six-headed hydra (9)]
 11638 | D:12     | Slain by a six-headed hydra

Illustrated notes

Levels and vault maps discovered:
D:1:      dpeg_arrival_tiny_i, layout_loops_cross, basic_ecumenical_altar,
          nicolae_titane
D:2:      layout_loops_cross, st_stairs_5, nrook_mini_backslash,
          serial_bayou_pond_e, minmay_vboxes, uniq_sigmund
D:3:      layout_basic, kennysheep_generic_room_9
D:4:      layout_loops_ring, nzn_wu_jian_council_hall, temple_fountains,
          minmay_ruined_shrine, uniq_robin
D:5:      layout_cave_pods
D:6:      layout_basic, minmay_shop_grid_forest
D:7:      layout_loops_ring, mainiacjoe_overflow_paths
D:8:      layout_basic, due_lair_maze_entry_diamond
D:9:      layout_loops_corners, david_orc_3
D:10:     layout_basic, grunt_temple_overflow_cloverleaf,
          nicolae_straight_to_the_point
D:11:     layout_loops_ring, minmay_increasing_density
D:12:     layout_basic, einodemon_armed_red_devil_minivault
D:13:     layout_cave_pools, lightli_vaults_fourway_checkpoint,
          kennysheep_generic_room_12
Temple:   minmay_temple_bridge_d

Skill      XL: |  1  2  3  4  5  6  7  8  9 10 11 12 |
---------------+-------------------------------------+-----
Stealth        | 1 2 3 6 7 10 | 10.0
Fighting       | 4 6 9 10 | 10.0
Short Blades   | 4 6 8 10 | 10.0
Dodging        | 3 6 7 |  7.1
Evocations     | 5 |  5.0
Throwing       | 6 |  6.0

Action                   |  1- 3 |  4- 6 |  7- 9 | 10-12 || total
-------------------------+-------+-------+-------+-------++-------
Melee: Rapier            |    40 |       |       |       ||    40
       Dagger            |    38 |   182 |   282 |   378 ||   880
       Touch             |    10 |    32 |    52 |    94 ||   188
       Punch             |       |     1 |     2 |     9 ||    12
Throw: Javelin           |       |     1 |     2 |     4 ||     7
       Throwing net      |       |       |     3 |     1 ||     4
       Boomerang         |       |       |     2 |     7 ||     9
Evoke: Wand              |       |       |       |     9 ||     9
  Use: Scroll            |     6 |       |     8 |     7 ||    21
       Potion            |       |       |     4 |       ||     4
 Stab: Sleeping          |     3 |     7 |    19 |    15 ||    44
       Distracted        |       |     1 |     1 |       ||     2
Armor: Leather armour    |    33 |    39 |    46 |    37 ||   155
       Troll leather arm |       |       |       |    40 ||    40
Dodge: Dodged            |    66 |    86 |   144 |   200 ||   496

Table legend: (Time is in decaauts)
 A = Elapsed time spent in this place.
 B = Non-inter-level travel time spent in this place.
 C = Inter-level travel time spent in this place.
 D = Time resting spent in this place.
 E = Time spent auto-exploring this place.
 F = Levels seen in this place.
 G = Mean time per level.
                   A        B        C        D        E       F      G
               +--------+--------+--------+--------+--------+-----+--------+
         Total |  11315 |  10591 |    724 |   1229 |   7451 |  14 |  808.2 |
       Dungeon |  10943 |  10367 |    576 |   1229 |   7238 |  13 |  841.8 |
        Temple |    371 |    223 |    148 |      0 |    213 |   1 |  371.0 |
               +--------+--------+--------+--------+--------+-----+--------+

Top non-repeatable levels by time:
     D:3: 1341 daAuts
     D:4: 1156 daAuts
     D:1: 1147 daAuts
    D:10: 1012 daAuts
    D:11: 989 daAuts
     D:9: 873 daAuts
     D:2: 842 daAuts
     D:5: 798 daAuts
    D:12: 790 daAuts
     D:7: 746 daAuts
     D:8: 676 daAuts
     D:6: 540 daAuts
  Temple: 371 daAuts
    D:13: 28 daAuts
